 Dungeon Crawl Stone Soup version 0.31-a0-151-ge443d1f16c (webtiles) character file.

Game seed: 12502455705652638923

126310 qw the Crack Shot (level 16, -27/154 HPs)
             Began as a Minotaur Hunter on June 8, 2023.
             Was a High Priest of Okawaru.
             Annihilated by an alligator snapping turtle (33 damage)
             ... on level 1 of the Shoals.
             The game lasted 00:08:07 (20739 turns).

qw the Crack Shot (Minotaur Hunter)                Turns: 20739, Time: 00:08:07

Health: -27/154    AC: 16    Str: 19    XL:     16   Next: 43%
Magic:  22/22      EV: 29    Int:  6    God:    Okawaru [*****.]
Gold:   351        SH:  0    Dex: 25    Spells: 15/15 levels left

rFire   . . .        m - +27 heavy crossbow "Sniper" {heavy, Acc+∞ SInv}
rCold   + . .        (shield currently unavailable)
rNeg    + + .        d - +0 troll leather armour
rPois   +            r - +2 hat {Will+}
rElec   .            h - +0 cloak "Cozxonk" {Fly rC+}
rCorr   .            z - +2 pair of gloves "Tiagaz" {Rampage rN++}
SInv    +            n - +1 pair of boots
Will    +....        b - amulet of faith
Stlth   ++           q - +6 ring of dexterity
HPRegen 1.25/turn    w - ring of poison resistance
MPRegen 0.18/turn

%: rampage, faith
@: lit by a corona, about to teleport, weak-willed, heroic, flying, mesmerised,
glowing
A: horns 2, retaliatory headbutt, talons 1, MP-powered wands
a: Renounce Religion, Heroism, Finesse, Duel


You were on level 1 of the Shoals.
You worshipped Okawaru.
Okawaru was extremely pleased with you.
You visited 4 branches of the dungeon, and saw 23 of its levels.
You also visited: Sewer.

You collected 2258 gold pieces.
You spent 1907 gold pieces at shops.


Innate Abilities, Weirdness & Mutations

You have a pair of horns on your head.
You reflexively headbutt those who attack you in melee.
You have sharp toenails.
You expend magic power (3 MP) to strengthen your wands.


   Skills:
 + Level 16.8(21.8) Fighting
 - Level 22.0(27) Ranged Weapons
 - Level 9.0(14.0) Armour
 - Level 14.0(19.0) Dodging
 - Level 0.7(5.7) Stealth
 - Level 10.0 Invocations


You had 15 spell levels left.
You didn't know any spells.
Your spell library was empty.

Inventory:

Hand Weapons
 m - the +27 heavy crossbow "Sniper" (weapon) {heavy, Acc+∞ SInv}
   (You acquired it on level 9 of the Dungeon)

   Acc+∞: It never misses its target.
   SInv:      It lets you see invisible.
Armour
 d - a +0 troll leather armour (worn)
 h - the +0 cloak "Cozxonk" (worn) {Fly rC+}
   (You found it on level 13 of the Dungeon)

   rC:        It protects you from cold.
   Fly:       It grants you flight.
 n - a +1 pair of boots (worn)
 p - the scarf of Magic {repulsion, MP+9 Str+5}
   (Okawaru gifted it to you on level 5 of the Lair of Beasts)

   Str:       It affects your strength (+5).
   MP:        It affects your magic capacity (+9).
 r - a +2 hat of willpower (worn)
 t - the +0 cloak of Happy Babbling {rElec rF+ Int+5}
   (Okawaru gifted it to you on level 14 of the Dungeon)

   Int:       It affects your intelligence (+5).
   rF:        It protects you from fire.
   rElec:     It insulates you from electricity.
 y - a +2 robe of fire resistance
 z - the +2 pair of gloves "Tiagaz" (worn) {Rampage rN++}
   (Okawaru gifted it to you on level 2 of the Orcish Mines)

   rN:        It greatly protects you from negative energy.
   Rampage:   It bestows one free step when moving towards enemies.
 A - the +0 hat "Lyboqytt" {rN+ Slay+3}
   (You acquired it on level 2 of the Orcish Mines)

   Slay:      It affects your accuracy & damage with ranged weapons and melee
   (+3).
   rN:        It protects you from negative energy.
Jewellery
 b - an amulet of faith (around neck)
 q - a +6 ring of dexterity (left hand)
 s - the amulet "Vuysok" {Acrobat rPois}
   (You found it on level 11 of the Dungeon)

   [amulet of the acrobat]

   It increases your evasion while moving and waiting.
   rPois:     It protects you from poison.
 w - a ring of poison resistance (right hand)
 x - an amulet of reflection
 Y - a +4 ring of slaying {mikee}
Wands
 o - a wand of digging (9)
Scrolls
 c - 17 scrolls of teleportation
 i - 8 scrolls of identify
 u - a scroll of enchant weapon
 B - 2 scrolls of brand weapon
Potions
 a - 4 potions of curing
 e - 5 potions of magic
 f - 3 potions of mutation
 g - 4 potions of haste
 j - 5 potions of heal wounds
 k - 2 potions of might
 l - 2 potions of cancellation

Dungeon Overview and Level Annotations

Branches:
Dungeon (15/15)            Temple (0/1) D:5            Lair (5/5) D:9
 Shoals (1/4) Lair:3       Spider (0/4) Lair:3        Slime (0/5) Lair:5
    Orc (2/2) D:10            Elf (0/3) Orc:2        Vaults (0/5) D:14
 Depths (0/4) D:15          Sewer (visited)

Altars:
Cheibriados
Elyvilon
Gozag
Makhleb
Okawaru
Sif Muna
Uskayaw
Vehumet
Xom
The Shining One
Jiyva

Shops:
D:1 [   D:2 ?=[(   D:5 (   D:13 (   D:14 =   Orc:1 !:((   Orc:2 *?(?

Portals:
Hell: Lair:5

Annotations:
D:8 2 transporters
D:12 3 runed translucent doors, Nyg Tys's ghost, journeyman MiBe
Orc:1 1 runed translucent door, duckroller's ghost, journeyman HOMo


Message History

The merfolk siren chants its luring song.
The alligator snapping turtle bites you from afar!
The faun hits you with a +0 club. The faun completely misses you.
The merfolk siren chants its luring song.
The snapping turtle misses you.
The merfolk siren chants a haunting song.
You resist with almost no effort.
You shoot a bolt. The bolt hits the faun!!!
You kill the faun!
Okawaru accepts your kill.
The sentinel's mark upon you fades away.
The merfolk siren chants its luring song.
The merfolk siren hits you from afar with a +0 spear!
A faun comes into view. It is wielding a +0 spear.
The alligator snapping turtle barely misses you.
The faun barely misses you.
The faun unwields a +0 sling.
The faun wields a +0 quarterstaff.
The faun misses you.
The snapping turtle bites you from afar!
The merfolk siren chants its luring song. x2
The alligator snapping turtle bites you from afar!!
A water elemental comes into view.
The snapping turtle closely misses you.
The merfolk siren chants its luring song.
The faun completely misses you.
The centaur warrior shoots an arrow.
The arrow barely misses you.
The arrow hits the alligator snapping turtle!
The faun moves out of view.
20739 ||| READING 18 scrolls of teleportation.
As you read the scroll of teleportation, it crumbles to dust.
You feel strangely unstable. The faun completely misses you.
A merfolk comes into view.
It is wielding a +2 trident of freezing.
The merfolk siren chants its luring song. x2
The centaur warrior shoots an arrow.
The arrow hits you! The faun hits you with a +0 spear.
The merfolk siren chants its luring song.
The snapping turtle completely misses you.
The merfolk siren chants a haunting song.
The alligator snapping turtle bites you from afar!!
You die...

P.?~.~..~~~~~~~~~~~...##.~.##..~~
P~~P~~~~~~~~~~~~~~~......~~###..~
~~~~~~~~~~~~~~~~.........~~~...~~
~~~~~~~~~~.~~~.........~~~~~....~
~~~~~~P~~~~~m~.. #....~~~~~...~~
~~~~~~~~~~~~.c. #....~~~.....~~
~~~~~m. #..~~.~~~....~~
~~~~~.%###..~~..~~...~~~
~%~.ctc@%...~~~.~~...~~~
~m~...c))...~~~~~......~
~~c###.mtm..~~~~.......~ .
##.....~~~~~~..~~~~
#...~~~~~~~~~~~~~~
#...~~~~~~~~~~~~~~
###.E~~~~~~~~~~~~~
##.~~~~~~~~~~~~~ ..~~~~~~~~~~~~~


You could see an alligator snapping turtle, a snapping turtle, a merfolk
(wandering), a centaur warrior, 4 fauns, a water elemental and 4 merfolk sirens.

Vanquished Creatures
  An orc warlord (Orc:2)
  A dire elephant (Lair:5)
  A bunyip (shapeshifter) (D:15)
  A fire dragon (D:14)
  Fannar (Orc:1)
  A rakshasa (D:15)
  A great orb of eyes (D:15)
  4 vault guards (D:14)
  6 ogre magi
  6 hydras
  5 centaur warriors
  Erica (D:9)
  2 catoblepae
  29 two-headed ogres
  A boulder beetle (D:12)
  3 tengu warriors
  A deep elf knight (D:14)
  Amaemon (D:10)
  A sun demon (Lair:5)
  3 skysharks
  4 sea snakes (Shoals:1)
  6 deep elf zephyrmancers (Orc:2)
  8 wizards
  3 orc knights
  9 deep elf pyromancers
  3 harpies (Shoals:1)
  A lindwurm (Lair:5)
  4 orc sorcerers
  16 ugly things
  6 fauns (Shoals:1)
  3 manticores
  6 cyclopes
  9 black mambas
  14 elephants
  2 orange demons
  A gargoyle (D:10)
  3 rime drakes (Lair:5)
  4 cane toads
  An unseen horror (D:12)
  A yaktaur (D:15)
  A tengu conjurer (D:14)
  11 komodo dragons
  3 red devils (Lair:5)
  2 ice devils (Lair:5)
  8 trolls
  3 meliai
  3 polar bears
  2 wind drakes
  A hellwing (Lair:5)
  A raiju (shapeshifter) (D:12)
  5 blink frogs
  2 hornets
  14 slime creatures
  A spriggan (shapeshifter) (D:13)
  A vampire (D:13)
  A spriggan (D:9)
  5 water elementals
  7 wyverns
  A basilisk (D:9)
  69 yaks
  A wraith (D:10)
  A human (D:14)
  3 steam dragons
  3 fire elementals (D:11)
  2 wargs (Orc:2)
  8 vampire mosquitoes (D:12)
  20 water moccasins
  2 acid dragons (D:10)
  3 hell hounds (Lair:5)
  A swamp drake (D:9)
  19 orc warriors
  A sky beast (D:6)
  2 black bears (Lair:1)
  An ice beast (D:5)
  35 ogres
  13 wolves
  12 centaurs
  6 kobold brigands
  Blork the orc (D:5)
  6 scorpions
  8 bullfrogs
  6 gnoll sergeants
  9 wights
  32 killer bees
  2 electric eels (D:9)
  4 jellies
  2 hounds
  16 orc priests
  3 sleepcaps (D:7)
  2 gnoll boudas
  3 iguanas
  17 orc wizards
  A mummy (D:3)
  34 gnolls
  A river rat (Sewer)
  11 adders
  2 shadow imps
  2 worms
  4 dart slugs
  71 orcs
  2 bats
  13 endoplasms
  6 giant cockroaches
  10 goblins
  3 hobgoblins
  8 quokkas
  10 ball pythons
  2 frilled lizards
  A hobgoblin zombie (D:8)
  17 kobolds
  A kobold zombie (D:8)
  An orc skeleton (D:8)
  An orc zombie (D:8)
  6 rats
766 creatures vanquished.

Vanquished Creatures (others)
  An orc warrior (D:7)
  An orc wizard (Orc:2)
2 creatures vanquished.

Grand Total: 768 creatures vanquished

Notes
Turn   | Place    | Note
-------+----------+-------------------------------------------
     0 | D:1      | qw the Minotaur Hunter began the quest for the Orb.
     0 | D:1      | Reached XP level 1. HP: 18/18 MP: 0/0
     0 | D:1      | 0 ||| qw: Version: 0.2-a-120-gdf1a93b
     0 | D:1      | 0 ||| qw: Game counter: 3025
     0 | D:1      | 0 ||| qw: Always use a shield: true
     0 | D:1      | 0 ||| qw: God list: Okawaru
     0 | D:1      | 0 ||| qw: Allow faded altars: false
     0 | D:1      | 0 ||| qw: Do Orc after D:15 true
     0 | D:1      | 0 ||| qw: Do second Lair branch before Depths: true
     0 | D:1      | 0 ||| qw: Lair rune preference: random
     0 | D:1      | 0 ||| qw: Plans: Normal
     0 | D:1      | 0 ||| PLANNING D:1-11
   173 | D:1      | Reached XP level 2. HP: 20/25 MP: 1/1
   227 | D:1      | Found Erhuol's Antique Armour Shoppe.
   235 | D:1      | 235 ||| SHOPLISTING glowing cloak (150 gold, have 0).
   235 | D:1      | 235 ||| SHOPLISTING pair of boots (90 gold, have 0).
   235 | D:1      | 235 ||| SHOPLISTING runed robe (74 gold, have 0).
   284 | D:1      | Reached skill level 5 in Ranged Weapons
   603 | D:1      | Reached skill level 3 in Fighting
   834 | D:1      | 834 ||| DRINKING 2 green potions.
   838 | D:1      | 838 ||| DROPPING scroll of butterflies.
   839 | D:1      | 839 ||| DROPPING potion of ambrosia.
   911 | D:2      | Found Riuteez's Weapon Shop.
   915 | D:2      | Found Caviyjau's Antique Armour Boutique.
   935 | D:2      | Reached XP level 3. HP: 31/31 MP: 2/2
  1276 | D:2      | Found Mororoa's Magic Scroll Shop.
  1285 | D:2      | 1285 ||| SHOPLISTING scroll of enchant weapon (75 gold,
                  | have 48).
  1285 | D:2      | 1285 ||| BUYING scroll of identify (20 gold).
  1285 | D:2      | Bought a scroll of identify for 20 gold pieces
  1285 | D:2      | 1285 ||| SHOPLISTING scroll of teleportation (30 gold, have
                  | 28).
  1326 | D:2      | Reached XP level 4. HP: 38/38 MP: 3/3
  1355 | D:2      | Found Xozedwa's Jewellery Emporium.
  1368 | D:2      | 1368 ||| SHOPLISTING +4 ring of protection (360 gold, have
                  | 35).
  1368 | D:2      | 1368 ||| SHOPLISTING ring of fire (250 gold, have 35).
  1368 | D:2      | 1368 ||| SHOPLISTING ring of positive energy (200 gold,
                  | have 35).
  1383 | D:2      | Found an iron altar of Okawaru.
  1384 | D:2      | 1384 ||| PLANNING OKAWARU WORSHIP
  1384 | D:2      | 1384 ||| UPGRADING to +0 ring mail.
  1394 | D:2      | 1394 ||| DROPPING +0 leather armour.
  1395 | D:2      | 1395 ||| READING scroll labelled CARENESAM.
  1496 | D:2      | 1496 ||| DRINKING 2 sapphire potions.
  1497 | D:2      | 1497 ||| DROPPING potion of degeneration.
  1505 | D:2      | Became a worshipper of Warmaster Okawaru
  1505 | D:2      | 1505 ||| PLANNING D:1-11
  1766 | D:2      | 1766 ||| SHOPLISTING runed ring mail (168 gold, have 35).
  1824 | D:2      | 1824 ||| READING scroll labelled RETI OC YBIXONN.
  1851 | D:3      | 1851 ||| PLANNING SEWER
  1873 | D:3      | Reached skill level 1 in Armour
  1924 | D:3      | Found a snail-covered altar of Cheibriados.
  2009 | D:3      | Reached skill level 6 in Ranged Weapons
  2047 | D:3      | Found a glowing drain.
  2051 | D:3      | 2051 ||| UPGRADING to +0 cloak.
  2056 | D:3      | 2056 ||| READING 2 scrolls labelled ZUOJEITREG.
  2059 | D:3      | 2059 ||| READING scroll labelled CIYTYD ZIMNAFF.
  2108 | Sewer    | Entered a sewer
  2112 | Sewer    | 2112 ||| Stepping ~*~*~tactically~*~*~ (water).
  2175 | Sewer    | Noticed a kobold brigand
  2187 | Sewer    | Killed a kobold brigand
  2188 | Sewer    | Reached XP level 5. HP: 42/47 MP: 4/4
  2226 | Sewer    | 2226 ||| Stepping ~*~*~tactically~*~*~ (water).
  2354 | Sewer    | 2354 ||| Stepping ~*~*~tactically~*~*~ (water).
  2366 | Sewer    | 2366 ||| Stepping ~*~*~tactically~*~*~ (water).
  2505 | Sewer    | 2505 ||| READING scroll labelled BIURHU VIPNUCO.
  2506 | Sewer    | 2506 ||| DRINKING 2 bubbling purple potions.
  2511 | D:3      | 2511 ||| PLANNING D:1-11
  2676 | D:3      | Found a shimmering blue altar of Sif Muna.
  2932 | D:4      | Noticed an ogre
  2938 | D:4      | 2938 ||| STAIRDANCE
  2941 | D:3      | Killed an ogre
  2941 | D:3      | Reached * piety under Okawaru
  2942 | D:3      | Reached skill level 7 in Ranged Weapons
  2942 | D:3      | Reached XP level 6. HP: 44/55 MP: 5/5
  3042 | D:4      | 3042 ||| INVOKING Heroism.
  3050 | D:4      | Reached skill level 1 in Invocations
  3054 | D:4      | 3054 ||| INVOKING Heroism.
  3055 | D:4      | 3055 ||| INVOKING Heroism.
  3063 | D:4      | 3063 ||| Stepping ~*~*~tactically~*~*~ (outnumbered).
  3070 | D:4      | 3070 ||| FLEEEEING.
  3071 | D:4      | 3071 ||| INVOKING Heroism.
  3167 | D:4      | 3167 ||| INVOKING Heroism.
  3168 | D:4      | 3168 ||| Stepping ~*~*~tactically~*~*~ (outnumbered).
  3358 | D:4      | Found a hide-covered altar of Uskayaw.
  3442 | D:4      | Reached XP level 7. HP: 60/60 MP: 7/7
  3625 | D:4      | 3625 ||| UPGRADING to +0 pair of boots.
  3630 | D:4      | 3630 ||| DRINKING 2 inky potions.
  3631 | D:4      | 3631 ||| DRINKING 3 cyan potions.
  3653 | D:5      | Entered Level 5 of the Dungeon
  3903 | D:5      | Found Afeut's Antique Weapon Boutique.
  3911 | D:5      | 3911 ||| BUYING runed sling (139 gold).
  3911 | D:5      | Bought a runed sling for 139 gold pieces
  3911 | D:5      | 3911 ||| DROPPING +1 sling of freezing.
  3926 | D:5      | Reached skill level 8 in Ranged Weapons
  4094 | D:5      | 4094 ||| DROPPING +6 ring of intelligence.
  4095 | D:5      | 4095 ||| READING scroll labelled RIOJOISTROTZ.
  4096 | D:5      | 4096 ||| READING scroll labelled WIFFUCI MO FAU.
  4096 | D:5      | Identified a scroll of acquirement
  4096 | D:5      | 4096 ||| ACQUIRING +10 hand crossbow of Invincibility
                  | {drain, Str+2 Int+3}
  4096 | D:5      | Acquired the +10 hand crossbow of Invincibility {drain,
                  | Str+2 Int+3}
  4097 | D:5      | 4097 ||| READING scroll labelled MIOPNI ILOAPTE.
  4098 | D:5      | 4098 ||| DRINKING 2 red potions.
  4099 | D:5      | 4099 ||| DRINKING 2 puce potions.
  4099 | D:5      | Gained mutation: You expend magic power (3 MP) to
                  | strengthen your wands. [potion of mutation]
  4099 | D:5      | Gained mutation: You have sharp toenails. [potion of
                  | mutation]
  4101 | D:5      | 4101 ||| SWAPPING to +10 hand crossbow of Invincibility
                  | {drain, Str+2 Int+3}.
  4102 | D:5      | 4102 ||| DROPPING +0 shortbow.
  4103 | D:5      | 4103 ||| INVOKING Heroism.
  4139 | D:5      | 4139 ||| READING 2 scrolls of identify.
  4139 | D:5      | 4139 ||| IDENTIFYING fuming silvery potion
  4140 | D:5      | 4140 ||| DROPPING potion of lignification.
  4168 | D:5      | 4168 ||| UPGRADING to amulet of faith.
  4218 | D:5      | 4218 ||| READING scroll labelled ZAHUUTANONT.
  4301 | D:5      | Found a staircase to the Ecumenical Temple.
  4305 | D:5      | Reached skill level 9 in Ranged Weapons
  4328 | D:5      | Reached skill level 3 in Invocations
  4328 | D:5      | Reached XP level 8. HP: 68/68 MP: 9/9
  4341 | D:5      | Reached ** piety under Okawaru
  4342 | D:5      | Reached skill level 3 in Dodging
  4478 | D:5      | 4478 ||| READING scroll labelled XENIUD RILYA.
  4479 | D:5      | 4479 ||| READING 2 scrolls of identify.
  4479 | D:5      | 4479 ||| IDENTIFYING white potion
  4480 | D:5      | 4480 ||| DROPPING potion of berserk rage.
  4504 | D:6      | 4504 ||| INVOKING Heroism.
  4510 | D:6      | Noticed Blork the orc
  4513 | D:6      | 4513 ||| STAIRDANCE
  4631 | D:6      | 4631 ||| STAIRDANCE
  4633 | D:5      | 4633 ||| INVOKING Heroism.
  4637 | D:5      | Killed Blork the orc
  4681 | D:6      | 4681 ||| INVOKING Heroism.
  4683 | D:6      | Reached skill level 6 in Fighting
  4703 | D:6      | Found a white marble altar of Elyvilon.
  4742 | D:6      | 4742 ||| INVOKING Heroism.
  4780 | D:6      | Noticed a two-headed ogre
  4781 | D:6      | 4781 ||| INVOKING Heroism.
  4786 | D:6      | Killed a two-headed ogre
  4787 | D:6      | Reached skill level 11 in Ranged Weapons
  4787 | D:6      | Reached XP level 9. HP: 37/75 MP: 8/11
  4789 | D:6      | Reached skill level 3 in Armour
  5014 | D:6      | 5014 ||| INVOKING Heroism.
  5199 | D:6      | Reached *** piety under Okawaru
  5343 | D:6      | 5343 ||| READING scroll labelled VIMEOCLIPHY.
  5344 | D:6      | 5344 ||| READING scroll labelled PUM AMAIFOAJIH.
  5345 | D:6      | 5345 ||| READING 2 scrolls of identify.
  5345 | D:6      | 5345 ||| IDENTIFYING metallic orange potion
  5511 | D:7      | 5511 ||| FLEEEEING.
  5524 | D:7      | 5524 ||| Stepping randomly (disturbance).
  5525 | D:7      | 5525 ||| Stepping randomly (disturbance).
  5526 | D:7      | 5526 ||| Stepping randomly (disturbance).
  5531 | D:7      | 5531 ||| FLEEEEING.
  5542 | D:7      | 5542 ||| Stepping randomly (disturbance).
  5543 | D:7      | 5543 ||| Stepping randomly (disturbance).
  5544 | D:7      | 5544 ||| Stepping randomly (disturbance).
  5545 | D:7      | 5545 ||| Stepping randomly (disturbance).
  5557 | D:7      | 5557 ||| INVOKING Heroism.
  5558 | D:7      | HP: 19/79 [poisoned by an orc wizard]
  5562 | D:7      | HP: 8/79 [poisoned by an orc wizard]
  5564 | D:7      | 5564 ||| FLEEEEING.
  5565 | D:7      | 5565 ||| FLEEEEING.
  5567 | D:7      | HP: 5/79 [poisoned by an orc wizard]
  5574 | D:7      | 5574 ||| STAIRDANCE
  5798 | D:6      | 5798 ||| READING scroll labelled GEOCOA DOWOCS.
  5832 | D:7      | 5832 ||| INVOKING Heroism.
  5890 | D:7      | 5890 ||| INVOKING Heroism.
  5919 | D:7      | Reached skill level 12 in Ranged Weapons
  5926 | D:7      | Found a shimmering altar of Xom.
  5930 | D:7      | 5930 ||| INVOKING Heroism.
  5934 | D:7      | 5934 ||| Stepping ~*~*~tactically~*~*~ (cloud).
  6136 | D:7      | 6136 ||| INVOKING Heroism.
  6293 | D:7      | 6293 ||| FLEEEEING.
  6294 | D:7      | 6294 ||| FLEEEEING.
  6295 | D:7      | 6295 ||| FLEEEEING.
  6296 | D:7      | 6296 ||| FLEEEEING.
  6302 | D:7      | 6302 ||| FLEEEEING.
  6303 | D:7      | 6303 ||| FLEEEEING.
  6304 | D:7      | 6304 ||| FLEEEEING.
  6305 | D:7      | 6305 ||| FLEEEEING.
  6306 | D:7      | 6306 ||| FLEEEEING.
  6311 | D:7      | 6311 ||| FLEEEEING.
  6312 | D:7      | 6312 ||| FLEEEEING.
  6313 | D:7      | 6313 ||| FLEEEEING.
  6314 | D:7      | 6314 ||| FLEEEEING.
  6315 | D:7      | 6315 ||| FLEEEEING.
  6316 | D:7      | 6316 ||| FLEEEEING.
  6318 | D:7      | 6318 ||| STAIRDANCE
  6420 | D:6      | 6420 ||| UPGRADING to +0 steam dragon scales.
  6430 | D:6      | 6430 ||| DROPPING +0 ring mail.
  6431 | D:6      | 6431 ||| UPGRADING to +6 ring of dexterity.
  6659 | D:7      | 6659 ||| UPGRADING to +4 ring of slaying {mikee}.
  6663 | D:8      | Found an iron altar of Okawaru.
  6681 | D:8      | Found a transporter.
  6704 | D:8      | 6704 ||| INVOKING Heroism.
  6711 | D:8      | Reached skill level 6 in Dodging
  6872 | D:8      | Found a transporter.
  6895 | D:8      | Found a glowing golden altar of the Shining One.
  6919 | D:8      | Found a radiant altar of Vehumet.
  6970 | D:8      | 6970 ||| INVOKING Heroism.
  7068 | D:8      | Reached XP level 10. HP: 67/88 MP: 12/12
  7254 | D:8      | 7254 ||| INVOKING Heroism.
  7535 | D:8      | 7535 ||| FLEEEEING.
  7600 | D:8      | Reached **** piety under Okawaru
  7626 | D:8      | 7626 ||| DROPPING ring of magical power.
  7627 | D:8      | 7627 ||| DRINKING 2 bubbling yellow potions.
  7628 | D:8      | 7628 ||| READING 2 scrolls of identify.
  7628 | D:8      | 7628 ||| IDENTIFYING ruby potion
  7629 | D:8      | 7629 ||| DRINKING potion of experience.
  7629 | D:8      | Reached skill level 14 in Ranged Weapons
  7629 | D:8      | Reached XP level 11. HP: 94/94 MP: 12/16
  7656 | D:8      | 7656 ||| DROPPING potion of brilliance.
  7760 | D:9      | 7760 ||| INVOKING Heroism.
  7814 | D:9      | 7814 ||| Stepping ~*~*~tactically~*~*~ (cloud).
  7817 | D:9      | 7817 ||| Stepping ~*~*~tactically~*~*~ (cloud).
  7826 | D:9      | Found a staircase to the Lair.
  7835 | D:9      | 7835 ||| INVOKING Heroism.
  7961 | D:9      | Reached skill level 9 in Fighting
  8044 | D:9      | 8044 ||| INVOKING Heroism.
  8050 | D:9      | Noticed Erica
  8053 | D:9      | Killed Erica
  8057 | D:9      | Reached skill level 9 in Invocations
  8113 | D:9      | 8113 ||| INVOKING Heroism.
  8195 | D:9      | 8195 ||| READING scroll of acquirement.
  8195 | D:9      | 8195 ||| ACQUIRING +27 heavy crossbow "Sniper" {heavy,
                  | Acc+∞ SInv}
  8195 | D:9      | Acquired the +27 heavy crossbow "Sniper" {heavy, Acc+∞
                  | SInv}
  8195 | D:9      | Found the +27 heavy crossbow "Sniper" {heavy, Acc+∞ SInv}
  8197 | D:9      | 8197 ||| SWAPPING to +27 heavy crossbow "Sniper" {heavy,
                  | Acc+∞ SInv}.
  8198 | D:9      | 8198 ||| DROPPING +10 hand crossbow of Invincibility
                  | {drain, Str+2 Int+3}.
  8307 | D:9      | 8307 ||| INVOKING Heroism.
  8656 | D:9      | 8656 ||| PLANNING LAIR
  8656 | D:9      | 8656 ||| UPGRADING to +0 pair of gloves.
  8661 | D:9      | 8661 ||| READING scroll labelled UTUAFO UQEUNGI.
  8662 | D:9      | 8662 ||| READING 3 scrolls of identify.
  8662 | D:9      | 8662 ||| IDENTIFYING blue potion
  8663 | D:9      | 8663 ||| READING 2 scrolls of identify.
  8663 | D:9      | 8663 ||| IDENTIFYING brown potion
  8664 | D:9      | 8664 ||| DROPPING potion of attraction.
  8749 | Lair:1   | Entered Level 1 of the Lair of Beasts
  8760 | Lair:1   | 8760 ||| Stepping ~*~*~tactically~*~*~ (water).
  8846 | Lair:1   | 8846 ||| INVOKING Heroism.
  8990 | Lair:1   | 8990 ||| INVOKING Heroism.
  9042 | Lair:1   | Reached ***** piety under Okawaru
  9293 | Lair:1   | Received a gift from Okawaru
  9294 | Lair:1   | Reached XP level 12. HP: 106/106 MP: 18/18
  9524 | Lair:1   | 9524 ||| DROPPING ring of willpower.
  9525 | Lair:1   | 9525 ||| READING scroll labelled LUPLILY TENA.
  9526 | Lair:1   | 9526 ||| READING 2 scrolls of identify.
  9526 | Lair:1   | 9526 ||| IDENTIFYING dark potion
  9527 | Lair:1   | 9527 ||| DROPPING potion of invisibility.
  9578 | Lair:2   | 9578 ||| STAIRDANCE
  9666 | Lair:2   | Reached skill level 15 in Ranged Weapons
  9671 | Lair:2   | 9671 ||| INVOKING Heroism.
  9869 | Lair:2   | Reached skill level 9 in Dodging
  9984 | Lair:2   | Identified the +1 long sword of Guilt {venom, *Noise rPois
                  | Int+2}
 10574 | Lair:3   | Found a hole to the Spider Nest.
 10575 | Lair:3   | 10575 ||| INVOKING Heroism.
 10634 | Lair:3   | 10634 ||| INVOKING Heroism.
 10765 | Lair:3   | 10765 ||| INVOKING Heroism.
 10868 | Lair:3   | 10868 ||| INVOKING Heroism.
 10871 | Lair:3   | Reached skill level 16 in Ranged Weapons
 10876 | Lair:3   | Found a staircase to the Shoals.
 11002 | Lair:3   | 11002 ||| INVOKING Heroism.
 11012 | Lair:3   | Reached skill level 6 in Armour
 11014 | Lair:3   | Identified the -2 buckler of Fiqiperph {rF+ Will- rCorr
                  | Int+4} (Okawaru gifted it to you on level 3 of the Lair of
                  | Beasts)
 11014 | Lair:3   | Received a gift from Okawaru
 11080 | Lair:3   | 11080 ||| READING scroll of enchant armour.
 11080 | Lair:3   | 11080 ||| ENCHANTING +0 steam dragon scales.
 11156 | Lair:3   | You fall into a shaft and drop 1 floor!
 11313 | Lair:4   | 11313 ||| INVOKING Heroism.
 11369 | Lair:3   | 11369 ||| INVOKING Heroism.
 11648 | Lair:3   | 11648 ||| INVOKING Heroism.
 11880 | Lair:4   | 11880 ||| STAIRDANCE
 12005 | Lair:3   | 12005 ||| READING 2 scrolls of identify.
 12005 | Lair:3   | 12005 ||| IDENTIFYING golden potion
 12006 | Lair:3   | 12006 ||| DROPPING potion of enlightenment.
 12027 | Lair:4   | 12027 ||| STAIRDANCE
 12235 | Lair:4   | 12235 ||| INVOKING Heroism.
 12279 | Lair:4   | Noticed a five-headed hydra
 12280 | Lair:4   | 12280 ||| INVOKING Heroism.
 12281 | Lair:4   | 12281 ||| INVOKING Finesse.
 12283 | Lair:4   | Killed a five-headed hydra
 12284 | Lair:4   | Reached skill level 17 in Ranged Weapons
 12284 | Lair:4   | Reached XP level 13. HP: 116/116 MP: 11/19
 12547 | Lair:5   | Entered Level 5 of the Lair of Beasts
 12573 | Lair:5   | 12573 ||| INVOKING Heroism.
 12682 | Lair:5   | 12682 ||| INVOKING Heroism.
 12707 | Lair:5   | 12707 ||| INVOKING Heroism.
 12785 | Lair:5   | 12785 ||| INVOKING Heroism.
 12786 | Lair:5   | 12786 ||| Stepping ~*~*~tactically~*~*~ (cloud).
 12790 | Lair:5   | 12790 ||| Stepping ~*~*~tactically~*~*~ (cloud).
 12865 | Lair:5   | 12865 ||| INVOKING Heroism.
 12906 | Lair:5   | 12906 ||| INVOKING Heroism.
 12912 | Lair:5   | Reached skill level 18 in Ranged Weapons
 13031 | Lair:5   | Reached skill level 12 in Fighting
 13099 | Lair:5   | 13099 ||| INVOKING Heroism.
 13121 | Lair:5   | Found a viscous altar of Jiyva.
 13121 | Lair:5   | Found a staircase to the Slime Pits.
 13139 | Lair:5   | 13139 ||| INVOKING Heroism.
 13140 | Lair:5   | Received a gift from Okawaru
 13457 | Lair:5   | Noticed a dire elephant
 13459 | Lair:5   | 13459 ||| INVOKING Heroism.
 13461 | Lair:5   | Killed a dire elephant
 13464 | Lair:5   | 13464 ||| INVOKING Finesse.
 13561 | Lair:5   | 13561 ||| INVOKING Heroism.
 13562 | Lair:5   | 13562 ||| INVOKING Finesse.
 13633 | Lair:5   | Found a burning altar of Makhleb.
 13639 | Lair:5   | 13639 ||| INVOKING Heroism.
 13640 | Lair:5   | 13640 ||| INVOKING Finesse.
 13649 | Lair:5   | Identified the scarf of Magic {repulsion, MP+9 Str+5}
                  | (Okawaru gifted it to you on level 5 of the Lair of Beasts)
 13649 | Lair:5   | Received a gift from Okawaru
 13702 | Lair:5   | Found a gateway to Hell.
 13902 | Lair:5   | Reached XP level 14. HP: 126/126 MP: 20/20
 13907 | Lair:5   | 13907 ||| PLANNING D:1-11
 13907 | Lair:5   | 13907 ||| UPGRADING to scarf of Magic {repulsion, MP+9
                  | Str+5}.
 13917 | Lair:5   | 13917 ||| UPGRADING to +2 hat of willpower.
 14168 | D:10     | Entered Level 10 of the Dungeon
 14323 | D:10     | 14323 ||| FLEEEEING.
 14324 | D:10     | 14324 ||| STAIRDANCE
 14438 | D:10     | Reached skill level 19 in Ranged Weapons
 14454 | D:10     | Found an opulent altar of Gozag.
 14552 | D:10     | Noticed Amaemon
 14554 | D:10     | Killed Amaemon
 14617 | D:10     | Found a staircase to the Orcish Mines.
 14630 | D:10     | 14630 ||| INVOKING Heroism.
 14634 | D:10     | HP: 30/127 [poisoned by a gnoll sergeant]
 14635 | D:10     | 14635 ||| READING 11 scrolls of teleportation.
 14636 | D:10     | 14636 ||| DRINKING 6 potions of heal wounds.
 14658 | D:10     | 14658 ||| INVOKING Heroism.
 15246 | D:11     | Identified the amulet "Vuysok" {Acrobat rPois}
 15557 | D:11     | 15557 ||| STAIRDANCE
 15825 | D:11     | 15825 ||| PLANNING D
 15936 | D:12     | 15936 ||| FLEEEEING.
 15937 | D:12     | 15937 ||| STAIRDANCE
 16145 | D:12     | Found a runed translucent gate.
 16147 | D:12     | Found a runed translucent gate.
 16147 | D:12     | Noticed Nyg Tys's ghost (journeyman MiBe)
 16176 | D:12     | 16176 ||| Stepping ~*~*~tactically~*~*~ (outnumbered).
 16214 | D:12     | 16214 ||| INVOKING Heroism.
 16215 | D:12     | 16215 ||| INVOKING Finesse.
 16219 | D:12     | Reached skill level 20 in Ranged Weapons
 16294 | D:12     | 16294 ||| INVOKING Heroism.
 16320 | D:12     | 16320 ||| Stepping ~*~*~tactically~*~*~ (outnumbered).
 16322 | D:12     | 16322 ||| Stepping ~*~*~tactically~*~*~ (outnumbered).
 16324 | D:12     | 16324 ||| Stepping ~*~*~tactically~*~*~ (outnumbered).
 16603 | D:12     | Found a runed translucent gate.
 16618 | D:12     | Found an iron altar of Okawaru.
 16622 | D:12     | 16622 ||| UPGRADING to ring of poison resistance.
 16624 | D:12     | 16624 ||| DROPPING ring of see invisible.
 16645 | D:13     | Found Ypojoff's Weapon Shoppe.
 16675 | D:13     | Identified the +0 cloak "Cozxonk" {Fly rC+}
 16829 | D:13     | 16829 ||| Stepping ~*~*~tactically~*~*~ (outnumbered).
 16832 | D:13     | Reached skill level 12 in Dodging
 16853 | D:13     | You fall into a shaft and drop 2 floors!
 16853 | D:15     | Entered Level 15 of the Dungeon
 16857 | D:15     | 16857 ||| INVOKING Heroism.
 16860 | D:15     | Reached ****** piety under Okawaru
 16860 | D:15     | Received a gift from Okawaru
 16925 | D:15     | 16925 ||| DROPPING +0 cloak.
 16926 | D:15     | 16926 ||| UPGRADING to +0 cloak "Cozxonk" {Fly rC+}.
 16936 | D:15     | 16936 ||| DROPPING +6 ring of strength.
 16978 | D:13     | 16978 ||| INVOKING Heroism.
 16979 | D:13     | 16979 ||| INVOKING Finesse.
 17159 | D:13     | Reached XP level 15. HP: 106/138 MP: 21/21
 17540 | D:13     | 17540 ||| UPGRADING to +0 troll leather armour.
 17550 | D:13     | 17550 ||| DROPPING +1 steam dragon scales.
 17626 | D:14     | Identified the +0 cloak of Happy Babbling {rElec rF+ Int+5}
                  | (Okawaru gifted it to you on level 14 of the Dungeon)
 17626 | D:14     | Received a gift from Okawaru
 17650 | D:14     | 17650 ||| INVOKING Heroism.
 17651 | D:14     | 17651 ||| INVOKING Finesse.
 17777 | D:14     | Found Eciu's Jewellery Shoppe.
 17785 | D:14     | 17785 ||| BUYING amulet of reflection (390 gold).
 17785 | D:14     | Bought an amulet of reflection for 390 gold pieces
 17823 | D:14     | 17823 ||| READING 15 scrolls of teleportation.
 17824 | D:14     | 17824 ||| INVOKING Heroism.
 17951 | D:14     | Found a gate to the Vaults.
 17956 | D:14     | Reached skill level 21 in Ranged Weapons
 17990 | D:14     | 17990 ||| INVOKING Heroism.
 18137 | D:14     | 18137 ||| INVOKING Heroism.
 18199 | D:14     | 18199 ||| INVOKING Heroism.
 18294 | D:15     | 18294 ||| INVOKING Heroism.
 18356 | D:15     | Reached skill level 15 in Fighting
 18431 | D:15     | Received a gift from Okawaru
 18454 | D:15     | 18454 ||| INVOKING Heroism.
 18456 | D:15     | 18456 ||| READING 14 scrolls of teleportation.
 18458 | D:15     | HP: 12/141 [enormous slime creature (44)]
 18459 | D:15     | 18459 ||| DRINKING 5 potions of heal wounds.
 18596 | D:15     | 18596 ||| INVOKING Heroism.
 18849 | D:15     | 18849 ||| INVOKING Heroism.
 18879 | D:15     | Found a staircase to the Depths.
 18963 | D:15     | 18963 ||| PLANNING ORC
 19104 | Orc:1    | Entered Level 1 of the Orcish Mines
 19104 | Orc:1    | Found Xulyxahu's Antique Weapon Shop.
 19156 | Orc:1    | 19156 ||| INVOKING Heroism.
 19159 | Orc:1    | Noticed Fannar
 19161 | Orc:1    | Killed Fannar
 19263 | Orc:1    | Found Fohiadydd's Weapon Boutique.
 19264 | Orc:1    | 19264 ||| Stepping ~*~*~tactically~*~*~ (outnumbered).
 19266 | Orc:1    | 19266 ||| Stepping ~*~*~tactically~*~*~ (outnumbered).
 19268 | Orc:1    | 19268 ||| Stepping ~*~*~tactically~*~*~ (outnumbered).
 19287 | Orc:1    | 19287 ||| INVOKING Heroism.
 19289 | Orc:1    | 19289 ||| Stepping ~*~*~tactically~*~*~ (outnumbered).
 19309 | Orc:1    | Found Koej's Self-Improvement Boutique.
 19371 | Orc:1    | Found a runed translucent door.
 19372 | Orc:1    | Noticed duckroller's ghost (journeyman HOMo)
 19480 | Orc:1    | Found Odaiha's Distillery.
 19489 | Orc:1    | 19489 ||| BUYING potion of curing (36 gold).
 19489 | Orc:1    | Bought a potion of curing for 36 gold pieces
 19489 | Orc:1    | 19489 ||| BUYING potion of heal wounds (60 gold).
 19489 | Orc:1    | Bought a potion of heal wounds for 60 gold pieces
 19489 | Orc:1    | 19489 ||| BUYING potion of magic (96 gold).
 19489 | Orc:1    | Bought a potion of magic for 96 gold pieces
 19489 | Orc:1    | 19489 ||| BUYING potion of might (48 gold).
 19489 | Orc:1    | Bought a potion of might for 48 gold pieces
 19690 | Orc:2    | Entered Level 2 of the Orcish Mines
 19797 | Orc:2    | 19797 ||| INVOKING Heroism.
 19798 | Orc:2    | 19798 ||| INVOKING Finesse.
 19810 | Orc:2    | 19810 ||| Stepping ~*~*~tactically~*~*~ (outnumbered).
 19811 | Orc:2    | 19811 ||| Stepping ~*~*~tactically~*~*~ (outnumbered).
 19817 | Orc:2    | Received a gift from Okawaru
 19823 | Orc:2    | Reached skill level 22 in Ranged Weapons
 19855 | Orc:2    | Received a gift from Okawaru
 19856 | Orc:2    | 19856 ||| INVOKING Heroism.
 19857 | Orc:2    | 19857 ||| INVOKING Finesse.
 19959 | Orc:2    | Found a staircase to the Elven Halls.
 19966 | Orc:2    | 19966 ||| INVOKING Heroism.
 19968 | Orc:2    | Reached XP level 16. HP: 149/149 MP: 19/22
 19971 | Orc:2    | 19971 ||| Stepping ~*~*~tactically~*~*~ (outnumbered).
 19973 | Orc:2    | 19973 ||| Stepping ~*~*~tactically~*~*~ (outnumbered).
 20006 | Orc:2    | 20006 ||| FLEEEEING.
 20019 | Orc:2    | Identified the +2 pair of gloves "Tiagaz" {Rampage rN++}
                  | (Okawaru gifted it to you on level 2 of the Orcish Mines)
 20019 | Orc:2    | Received a gift from Okawaru
 20021 | Orc:2    | 20021 ||| INVOKING Heroism.
 20076 | Orc:2    | Found Qabbioty's Magic Scroll Boutique.
 20076 | Orc:2    | Found Neduip Xasy's Magic Scroll Shoppe.
 20077 | Orc:2    | Found Sopnor's Weapon Shoppe.
 20077 | Orc:2    | Found Enufiv's General Store.
 20084 | Orc:2    | 20084 ||| BUYING scroll of acquirement (676 gold).
 20084 | Orc:2    | Bought a scroll of acquirement for 676 gold pieces
 20084 | Orc:2    | 20084 ||| BUYING scroll of brand weapon (123 gold).
 20084 | Orc:2    | Bought a scroll of brand weapon for 123 gold pieces
 20084 | Orc:2    | 20084 ||| BUYING scroll of brand weapon (123 gold).
 20084 | Orc:2    | Bought a scroll of brand weapon for 123 gold pieces
 20084 | Orc:2    | 20084 ||| BUYING scroll of teleportation (39 gold).
 20084 | Orc:2    | Bought a scroll of teleportation for 39 gold pieces
 20084 | Orc:2    | 20084 ||| READING scroll of acquirement.
 20084 | Orc:2    | 20084 ||| ACQUIRING +0 hat "Lyboqytt" {rN+ Slay+3}
 20084 | Orc:2    | Acquired the +0 hat "Lyboqytt" {rN+ Slay+3}
 20086 | Orc:2    | 20086 ||| UPGRADING to +2 pair of gloves "Tiagaz" {Rampage
                  | rN++}.
 20096 | Orc:2    | 20096 ||| DROPPING +0 pair of gloves.
 20100 | Orc:2    | 20100 ||| BUYING scroll of enchant armour (112 gold).
 20100 | Orc:2    | Bought a scroll of enchant armour for 112 gold pieces
 20100 | Orc:2    | 20100 ||| BUYING scroll of teleportation (45 gold).
 20100 | Orc:2    | Bought a scroll of teleportation for 45 gold pieces
 20100 | Orc:2    | 20100 ||| READING scroll of enchant armour.
 20100 | Orc:2    | 20100 ||| ENCHANTING +0 pair of boots.
 20323 | Orc:2    | 20323 ||| PLANNING SHOALS:1-3
 20548 | Shoals:1 | Entered Level 1 of the Shoals
 20556 | Shoals:1 | Reached skill level 9 in Armour
 20730 | Shoals:1 | 20730 ||| INVOKING Heroism.
 20738 | Shoals:1 | HP: 18/154 [alligator snapping turtle (30)]
 20739 | Shoals:1 | 20739 ||| READING 18 scrolls of teleportation.
 20739 | Shoals:1 | HP: 8/154 [centaur warrior/arrow (11)]
 20739 | Shoals:1 | Annihilated by an alligator snapping turtle

Levels and vault maps discovered:
D:1:      dpeg_arrival_water_temple_mockup, layout_basic, serial_shops, shop,
          nicolae_concentric_dashed_squares_mild, hangedman_decor_growths
D:2:      layout_loops_corners, basic_altar, serial_shops,
          nicolae_shop_bloodbath_and_beyond, nicolae_shop_window_shopping,
          nicolae_shop_advertising_works [nicolae_subvault_shop_adworks],
          nicolae_shop_just_a_little_nook
D:3:      layout_loops_cross, overflow_temple_1_default, chei_slow_surprise,
          portal_sewer_entry_f
D:4:      layout_rooms, nicolae_uskayaw_murder_on_the_dancefloor
D:5:      layout_basic, minmay_temple_entry_drinking_statues, serial_shops,
          shop, minmay_puff
D:6:      nicolae_cairo_tiling, layout_rooms, elyvilon_altar_5,
          uniq_blork_the_orc
D:7:      layout_basic, xom_confusion_cloud, minmay_unpleasant_kobolds
D:8:      gammafunk_steamed_eel, layout_loops_corners,
          nicolae_tso_besieged_by_evil, mainiacjoe_overflow_tiny_flanked,
          kennysheep_mini_moat
D:9:      layout_basic, erik_lair_dragon, the_hattery, uniq_erica
D:10:     layout_rooms, nicolae_gozag_seed_capital,
          kennysheep_orc_monster_closet_entryway, uniq_amaemon
D:11:     cheibrodos_lost_city_excavation, layout_loops_cross,
          unseen_surprise_small
D:12:     layout_big_octagon, gammafunk_ghost_fury_of_okawaru, eino_jars
D:13:     layout_roguey, serial_shops, shop
D:14:     layout_irregular_city, grunt_vaults_entry_fortified,
          chequers_serial_rivers_micro_d, serial_shops, shop
D:15:     gammafunk_enter_depths_forms, layout_cave_pools, water_maze_lemuel
Lair:1:   layout_regular_city, minmay_stone_trees_small, grunt_megastairs_5,
          lemuel_fruit_fields, serial_bayou_shore_b,
          infiniplex_staircase_pool_2, lemuel_fruit_fields
Lair:2:   layout_chaotic_city
Lair:3:   layout_gridlike, minmay_shoals_entry_beasts,
          hellmonk_spider_entry_not_the_bees, grunt_megastairs_4,
          serial_bayou_shore_b
Lair:4:   layout_loops_ring
Lair:5:   evil_forest, layout_loops_ring, dpeg_slime_entry_enclosed,
          serial_bayou_shore_a
Shoals:1: layout_shoals, uniq_donald
Orc:1:    layout_diamond_mine, serial_shops, shop, nicolae_shop_rolling_square,
          shop, ebering_ghost_reflecting_pool, nicolae_shop_self_help,
          uniq_fannar
Orc:2:    st_orc_ogre_mass, layout_diamond_mine, elves_outpost_lemuel

Skill      XL: |  1  2  3  4  5  6  7  8  9 10 11 12 13 14 15 16 |
---------------+-------------------------------------------------+-----
Ranged Weapons | 5 6 7 9 11 12 14 17 18 20 22 | 22.0
Fighting       | 3 4 5 6 8 9 11 12 14 15 16 | 16.8
Armour         | 1 2 3 5 6 7 8 9 |  9.0
Invocations    | 1 3 4 8 10 | 10.0
Dodging        | 3 6 7 8 9 11 12 13 14 | 14.0
Stealth        | |  0.7

Action                     |  1- 3 |  4- 6 |  7- 9 | 10-12 | 13-15 | 16-18 || total
---------------------------+-------+-------+-------+-------+-------+-------++-------
   Fire: Shortbow          |   101 |   214 |    38 |       |       |       ||   353
         Hand crossbow     |       |       |   165 |    74 |       |       ||   239
         Heavy crossbow    |       |       |       |   132 |   481 |    73 ||   686
 Invoke: Heroism           |       |     4 |    14 |    19 |    31 |     2 ||    70
         Finesse           |       |       |       |     1 |     8 |       ||     9
    Use: Potion            |     1 |     2 |     4 |     2 |     2 |       ||    11
         Scroll            |       |     5 |    11 |     9 |     3 |     3 ||    31
 Armour: Leather armour    |     5 |       |       |       |       |       ||     5
         Ring mail         |       |    25 |    18 |       |       |       ||    43
         Steam dragon scal |       |       |     4 |    27 |    47 |       ||    78
         Troll leather arm |       |       |       |       |    11 |     9 ||    20
  Dodge: Dodged            |    18 |    46 |    56 |   128 |   323 |   143 ||   714

Table legend:
 A = Non-vault XP
 B = Vault XP
 C = Vault XP percentage of total XP
 D = Non-vault monster count
 E = Vault monster count
 F = Vault count percentage of total count
                 A         B        C        D         E       F
            +---------+---------+-------+---------+---------+-------
      Total |  110512 |   63424 |  36.5 |     560 |     206 |  26.9
            +---------+---------+-------+---------+---------+-------
        D:1 |      37 |       0 |   0.0 |      22 |       0 |   0.0
        D:2 |      65 |       0 |   0.0 |      14 |       0 |   0.0
        D:3 |     171 |      31 |  15.3 |      16 |       6 |  27.3
        D:4 |     256 |       0 |   0.0 |      32 |       0 |   0.0
        D:5 |     690 |     316 |  31.4 |      15 |       5 |  25.0
        D:6 |    1729 |       0 |   0.0 |      29 |       0 |   0.0
        D:7 |     597 |     755 |  55.8 |      18 |      12 |  40.0
        D:8 |    1756 |      16 |   0.9 |      30 |       5 |  14.3
        D:9 |    1924 |    2489 |  56.4 |      24 |       8 |  25.0
       D:10 |    3740 |    2517 |  40.2 |      16 |      22 |  57.9
       D:11 |    3073 |    3704 |  54.7 |      23 |       8 |  25.8
       D:12 |    7505 |     960 |  11.3 |      26 |       8 |  23.5
       D:13 |    9210 |       0 |   0.0 |      32 |       0 |   0.0
       D:14 |   10867 |    6522 |  37.5 |      22 |      10 |  31.2
       D:15 |   18901 |    4984 |  20.9 |      35 |       7 |  16.7
     Lair:1 |    4535 |     270 |   5.6 |      26 |       2 |   7.1
     Lair:2 |    5881 |       0 |   0.0 |      30 |       0 |   0.0
     Lair:3 |    1572 |    5698 |  78.4 |       8 |      23 |  74.2
     Lair:4 |    3566 |       0 |   0.0 |      12 |       0 |   0.0
     Lair:5 |   15574 |   10611 |  40.5 |      43 |      26 |  37.7
   Shoals:1 |    9840 |       0 |   0.0 |      18 |       0 |   0.0
      Orc:1 |    4733 |     886 |  15.8 |      39 |       1 |   2.5
      Orc:2 |    4290 |   23489 |  84.6 |      30 |      46 |  60.5
      Sewer |       0 |     176 | 100.0 |       0 |      17 | 100.0
            +---------+---------+-------+---------+---------+-------
